TOP OF THE 1ST |
Milwaukee Brewers batting - Pitching for St. Louis Cardinals : RHP Brian Sanderson
|
Pitching: RHP Brian Sanderson
|
|
Batting: RHB Daniel Donovan
|
0-0: Ball 1-0: Ground out 5-3 (Groundball, 56S, EV 63.1 MPH)
|
Batting: RHB Cody Flowers
|
0-0: Ball 1-0: Called Strike 1-1: Called Strike 1-2: Ball 2-2: Ground out 5-3 (Groundball, 56S, EV 90.6 MPH)
|
Batting: SHB Jason Woods
|
0-0: Ball 1-0: Ball 2-0: Called Strike 2-1: Foul Ball, location: 2F 2-2: Foul Ball, location: 2F 2-2: Ball 3-2: Base on Balls
|
Batting: LHB Tetsuya Oba
|
0-0: Ball 1-0: Ball Jason Woods steals 2nd, throwing error, E2 Jason Woods to third 2-0: SINGLE (Flyball, 56D, EV 95.0 MPH) Jason Woods scores
|
Batting: LHB Jeff Taylor
|
0-0: Called Strike 0-1: Ball 1-1: Ball 2-1: Ball 3-1: Fly out, F8 (Flyball, 8RS, EV 91.3 MPH)
|
Top of the 1st over - 1 run, 1 hit, 1 error, 1 left on base; Milwaukee 1 - St. Louis 0 |
BOTTOM OF THE 1ST |
St. Louis Cardinals batting - Pitching for Milwaukee Brewers : RHP Oleg Bahanov
|
Pitching: RHP Oleg Bahanov
|
|
Batting: LHB Tommy Luce
|
0-0: Called Strike 0-1: Swinging Strike 0-2: Ball 1-2: Strikes out swinging
|
Batting: RHB Rick O'Reilly
|
0-0: Ground out 3-1 (Groundball, 34, EV 103.8 MPH)
|
Batting: SHB Antoine Roux
|
0-0: SOLO HOME RUN (Flyball, 7D, EV 96.3 MPH), Distance : 359 ft
|
Batting: LHB Alex Vargas
|
0-0: Ball 1-0: Foul Ball, location: 2F 1-1: SINGLE (Groundball, 4MD, EV 95.0 MPH)
|
Batting: LHB John Blair
|
0-0: Fly out, F8 (Flyball, 8LXD, EV 95.0 MPH)
|
Bottom of the 1st over - 1 run, 2 hits, 0 errors, 1 left on base; Milwaukee 1 - St. Louis 1 |
TOP OF THE 2ND |
Milwaukee Brewers batting - Pitching for St. Louis Cardinals : RHP Brian Sanderson
|
Batting: RHB Adrian Rudkilde
|
0-0: Called Strike 0-1: Called Strike 0-2: Ground out 4-3 (Groundball, 34, EV 80.0 MPH)
|
Batting: LHB Jeremy Kuiper
|
0-0: Ball 1-0: Called Strike 1-1: Foul Ball, location: 2F 1-2: Foul Ball, location: 2F 1-2: DOUBLE (Flyball, 89D, EV 90.6 MPH)
|
Batting: RHB Kisho Ito
|
0-0: Called Strike 0-1: Ball 1-1: Called Strike 1-2: Strikes out swinging
|
Batting: RHB Ben Campbell
|
0-0: Ball 1-0: Ball 2-0: Ball 3-0: Base on Balls
|
Batting: RHB Daniel Donovan
|
0-0: Called Strike 0-1: Called Strike 0-2: Ball 1-2: Foul Ball, location: 2F 1-2: Strikes out looking
|
Top of the 2nd over - 0 runs, 1 hit, 0 errors, 2 left on base; Milwaukee 1 - St. Louis 1 |
BOTTOM OF THE 2ND |
St. Louis Cardinals batting - Pitching for Milwaukee Brewers : RHP Oleg Bahanov
|
Batting: RHB Bobby Scholl
|
0-0: Foul Ball, location: 2F 0-1: Foul Ball, location: 2F 0-2: Strikes out swinging
|
Batting: RHB Pavpv Ivanushkin
|
0-0: Called Strike 0-1: Called Strike 0-2: Ball 1-2: Ball 2-2: SOLO HOME RUN (Flyball, 78XD, EV 97.5 MPH), Distance : 384 ft
|
Batting: LHB Ben Rubenacker
|
0-0: Ball 1-0: SINGLE (Line Drive, 9LM, EV 109.4 MPH)
|
Batting: RHB Francisco Hernandez
|
0-0: Ball 1-0: Ball 2-0: Grounds into double play, 6-4-3 (Groundball, 6MD, EV 102.5 MPH)
|
Bottom of the 2nd over - 1 run, 2 hits, 0 errors, 0 left on base; Milwaukee 1 - St. Louis 2 |
TOP OF THE 3RD |
Milwaukee Brewers batting - Pitching for St. Louis Cardinals : RHP Brian Sanderson
|
Batting: RHB Cody Flowers
|
0-0: Fly out, F7 (Flyball, 7D, EV 90.0 MPH)
|
Batting: SHB Jason Woods
|
0-0: Ball 1-0: Fly out, F8 (Flyball, 8LM, EV 94.4 MPH)
|
Batting: LHB Tetsuya Oba
|
0-0: Called Strike 0-1: Ground out 1-3 (Groundball, 13S, EV 71.9 MPH)
|
Top of the 3rd over - 0 runs, 0 hits, 0 errors, 0 left on base; Milwaukee 1 - St. Louis 2 |
BOTTOM OF THE 3RD |
St. Louis Cardinals batting - Pitching for Milwaukee Brewers : RHP Oleg Bahanov
|
Batting: LHB Tommy Luce
|
0-0: Foul Ball, location: 2F 0-1: Called Strike 0-2: Ball 1-2: Ball 2-2: SINGLE (Line Drive, 9LM, EV 91.9 MPH)
|
Batting: RHB Rick O'Reilly
|
0-0: Ball 1-0: Ball 2-0: Called Strike 2-1: Fly out, F8 (Flyball, 8RS, EV 90.0 MPH)
|
Batting: SHB Antoine Roux
|
0-0: Swinging Strike 0-1: Called Strike 0-2: Grounds into double play, 3-6-3 (Groundball, 34S, EV 83.8 MPH)
|
Bottom of the 3rd over - 0 runs, 1 hit, 0 errors, 0 left on base; Milwaukee 1 - St. Louis 2 |
TOP OF THE 4TH |
Milwaukee Brewers batting - Pitching for St. Louis Cardinals : RHP Brian Sanderson
|
Batting: LHB Jeff Taylor
|
0-0: Called Strike 0-1: Ball 1-1: Ball 2-1: Called Strike 2-2: Ball 3-2: Strikes out swinging
|
Batting: RHB Adrian Rudkilde
|
0-0: Called Strike 0-1: Reached via error on a dropped throw from SS, E3 (Groundball, 6, EV 108.1 MPH)
|
Batting: LHB Jeremy Kuiper
|
0-0: Called Strike 0-1: Foul Ball, location: 2F 0-2: Foul Ball, location: 2F 0-2: Foul Ball, location: 2F 0-2: Ball 1-2: Grounds into double play, 6-4-3 (Groundball, 6M, EV 102.5 MPH)
|
Top of the 4th over - 0 runs, 0 hits, 1 error, 0 left on base; Milwaukee 1 - St. Louis 2 |
BOTTOM OF THE 4TH |
St. Louis Cardinals batting - Pitching for Milwaukee Brewers : RHP Oleg Bahanov
|
Batting: LHB Alex Vargas
|
0-0: DOUBLE (Line Drive, 5D, EV 101.9 MPH)
|
Batting: LHB John Blair
|
0-0: Ball 1-0: DOUBLE (Groundball, 3L, EV 102.5 MPH) Alex Vargas scores
|
Batting: RHB Bobby Scholl
|
0-0: Ball 1-0: Called Strike 1-1: Ground out 5-3 (Groundball, 56S, EV 79.4 MPH)
|
Batting: RHB Pavpv Ivanushkin
|
0-0: Foul Ball, location: 2F 0-1: Ball 1-1: Ball 2-1: Called Strike 2-2: Ball 3-2: Fly out, F9 (Flyball, 9LS, EV 93.8 MPH)
|
Batting: LHB Ben Rubenacker
|
0-0: SINGLE (Groundball, 4D, EV 107.5 MPH) John Blair to third Runner from 3rd tries for Home, throw by RF and OUT! 9-2
|
Bottom of the 4th over - 1 run, 3 hits, 0 errors, 1 left on base; Milwaukee 1 - St. Louis 3 |
TOP OF THE 5TH |
Milwaukee Brewers batting - Pitching for St. Louis Cardinals : RHP Brian Sanderson
|
Pitching: RHP Doug Nickey
|
|
Batting: RHB Kisho Ito
|
0-0: Called Strike 0-1: Called Strike 0-2: Ball 1-2: SINGLE (Line Drive, 78S, EV 105.6 MPH)
|
Batting: RHB Ben Campbell
|
0-0: Ball 1-0: Ball 2-0: 2-RUN HOME RUN (Flyball, 78XD, EV 96.3 MPH), Distance : 395 ft
|
Batting: RHB Daniel Donovan
|
0-0: Ball 1-0: Foul Ball, location: 2F 1-1: Swinging Strike 1-2: Strikes out looking
|
Batting: RHB Cody Flowers
|
0-0: Ball 1-0: Swinging Strike 1-1: Foul Ball, location: 2F 1-2: Ball 2-2: Ground out 5-3 (Groundball, 56S, EV 65.6 MPH)
|
Batting: SHB Jason Woods
|
0-0: Ball 1-0: DOUBLE (Flyball, 8RXD, EV 103.8 MPH)
|
Batting: LHB Tetsuya Oba
|
0-0: Swinging Strike 0-1: Ball 1-1: Foul Ball, location: 2F 1-2: Ball 2-2: Strikes out swinging
|
Top of the 5th over - 2 runs, 3 hits, 0 errors, 1 left on base; Milwaukee 3 - St. Louis 3 |
BOTTOM OF THE 5TH |
St. Louis Cardinals batting - Pitching for Milwaukee Brewers : RHP Oleg Bahanov
|
Batting: RHB Francisco Hernandez
|
0-0: Called Strike 0-1: Called Strike 0-2: Ball 1-2: Foul Ball, location: 2F 1-2: Strikes out looking
|
Batting: LHB Tommy Luce
|
0-0: Foul Ball, location: 2F 0-1: Ball 1-1: Ball 2-1: Ground out 5-3 (Groundball, 5L, EV 80.6 MPH)
|
Batting: RHB Rick O'Reilly
|
0-0: Ball 1-0: Swinging Strike 1-1: Ball 2-1: Fly out, F4 (Line Drive, 4, EV 71.9 MPH)
|
Bottom of the 5th over - 0 runs, 0 hits, 0 errors, 0 left on base; Milwaukee 3 - St. Louis 3 |
TOP OF THE 6TH |
Milwaukee Brewers batting - Pitching for St. Louis Cardinals : RHP Doug Nickey
|
Batting: LHB Jeff Taylor
|
0-0: Foul Ball, location: 2F 0-1: Foul Ball, location: 2F 0-2: Ball 1-2: Foul Ball, location: 2F 1-2: Strikes out swinging
|
Batting: RHB Adrian Rudkilde
|
0-0: Ball 1-0: Ground out 5-3 (Groundball, 56S, EV 85.6 MPH)
|
Batting: LHB Jeremy Kuiper
|
0-0: Ball 1-0: Foul Ball, location: 2F 1-1: Ball 2-1: Foul Ball, location: 2F 2-2: Foul Ball, location: 2F 2-2: Fly out, F8 (Flyball, 8RXD, EV 106.9 MPH)
|
Top of the 6th over - 0 runs, 0 hits, 0 errors, 0 left on base; Milwaukee 3 - St. Louis 3 |
BOTTOM OF THE 6TH |
St. Louis Cardinals batting - Pitching for Milwaukee Brewers : RHP Oleg Bahanov
|
Batting: SHB Antoine Roux
|
0-0: Fly out, F5 (Line Drive, 5, EV 65.0 MPH)
|
Batting: LHB Alex Vargas
|
0-0: Called Strike 0-1: Called Strike 0-2: Strikes out swinging, 2-3 out at first.
|
Batting: LHB John Blair
|
0-0: Ball 1-0: Ball 2-0: Ball 3-0: Base on Balls
|
Batting: RHB Bobby Scholl
|
0-0: Foul Ball, location: 2F 0-1: Ball 1-1: Called Strike 1-2: Fly out, F7 (Flyball, 7, EV 95.0 MPH)
|
Bottom of the 6th over - 0 runs, 0 hits, 0 errors, 1 left on base; Milwaukee 3 - St. Louis 3 |
TOP OF THE 7TH |
Milwaukee Brewers batting - Pitching for St. Louis Cardinals : RHP Doug Nickey
|
Pitching: RHP Jim Kincaid
|
|
Batting: RHB Kisho Ito
|
0-0: Ball 1-0: Fly out, F7 (Flyball, 7LD, EV 100.0 MPH)
|
Batting: RHB Ben Campbell
|
0-0: Ball 1-0: Foul Ball, location: 2F 1-1: Ball 2-1: Foul Ball, location: 2F 2-2: Ball 3-2: Strikes out looking
|
Batting: RHB Daniel Donovan
|
0-0: Ball 1-0: Fly out, F7 (Flyball, 7D, EV 95.6 MPH)
|
Top of the 7th over - 0 runs, 0 hits, 0 errors, 0 left on base; Milwaukee 3 - St. Louis 3 |
BOTTOM OF THE 7TH |
St. Louis Cardinals batting - Pitching for Milwaukee Brewers : RHP Oleg Bahanov
|
Batting: RHB Pavpv Ivanushkin
|
0-0: Ball 1-0: Ball 2-0: Ball 3-0: Called Strike 3-1: Base on Balls
|
Batting: LHB Ben Rubenacker
|
0-0: Ball 1-0: Bunted foul 1-1: Sac Bunt to 2L - play at first, batter OUT! 2-4 Pavpv Ivanushkin to second
|
Batting: RHB Francisco Hernandez
|
0-0: Ball 1-0: Foul Ball, location: 2F 1-1: Swinging Strike 1-2: SINGLE (Line Drive, 34, EV 100.0 MPH) Pavpv Ivanushkin to third Runner from 3rd tries for Home, SAFE, throw by RF to home
|
Batting: LHB Tommy Luce
|
0-0: Grounds into double play, 4-6-3 (Groundball, 4, EV 90.6 MPH)
|
Bottom of the 7th over - 1 run, 1 hit, 0 errors, 0 left on base; Milwaukee 3 - St. Louis 4 |
TOP OF THE 8TH |
Milwaukee Brewers batting - Pitching for St. Louis Cardinals : RHP Jim Kincaid
|
Batting: RHB Cody Flowers
|
0-0: Called Strike 0-1: Foul Ball, location: 2F 0-2: SINGLE (Line Drive, 8RS, EV 88.8 MPH)
|
Batting: SHB Jason Woods
|
0-0: Ball 1-0: Fly out, F9 (Flyball, 9S, EV 96.3 MPH)
|
Batting: LHB Tetsuya Oba
|
0-0: Called Strike 0-1: Fielders Choice at 2nd, 1-6 (Groundball, 13S, EV 66.9 MPH)
|
Batting: LHB Jeff Taylor
|
0-0: Called Strike 0-1: Ball 1-1: Ball 2-1: Called Strike 2-2: SINGLE (Line Drive, 9LS, EV 104.4 MPH) Tetsuya Oba to second
|
Batting: RHB Adrian Rudkilde
|
0-0: Ball 1-0: DOUBLE (Line Drive, 7LM, EV 90.0 MPH) Tetsuya Oba scores Jeff Taylor to third
|
Batting: LHB Jeremy Kuiper
|
0-0: Ground out 2-3 (Groundball, 13S, EV 73.8 MPH)
|
Top of the 8th over - 1 run, 3 hits, 0 errors, 2 left on base; Milwaukee 4 - St. Louis 4 |
BOTTOM OF THE 8TH |
St. Louis Cardinals batting - Pitching for Milwaukee Brewers : RHP Oleg Bahanov
|
Batting: RHB Rick O'Reilly
|
0-0: Called Strike 0-1: Ball 1-1: Foul Ball, location: 2F 1-2: Ground out 6-3 (Groundball, 6, EV 82.5 MPH)
|
Batting: SHB Antoine Roux
|
0-0: Called Strike 0-1: Ball 1-1: Ball 2-1: Ball 3-1: Called Strike 3-2: SOLO HOME RUN (Flyball, 7D, EV 97.5 MPH), Distance : 373 ft
|
Pitching: RHP Willie Felix
|
|
Batting: LHB Alex Vargas
|
0-0: Fly out, F7 (Flyball, 7LS, EV 84.4 MPH)
|
Batting: LHB John Blair
|
0-0: Ground out 4-3 (Groundball, 34, EV 84.4 MPH)
|
Bottom of the 8th over - 1 run, 1 hit, 0 errors, 0 left on base; Milwaukee 4 - St. Louis 5 |
TOP OF THE 9TH |
Milwaukee Brewers batting - Pitching for St. Louis Cardinals : RHP Jim Kincaid
|
Pitching: RHP Guadalupe Vasguez
|
|
Batting: RHB Kisho Ito
|
0-0: Ball 1-0: Fly out, F7 (Flyball, 7D, EV 90.6 MPH)
|
Pinch Hitting: SHB Pat Wilson
|
0-0: Called Strike 0-1: SINGLE (Groundball, 6MD, EV 100.6 MPH)
|
Pinch Hitting: SHB Jean-François Bernard
|
0-0: Grounds into double play, 4-6-3 (Groundball, 4D, EV 85.6 MPH)
|
Top of the 9th over - 0 runs, 1 hit, 0 errors, 0 left on base; Milwaukee 4 - St. Louis 5 |
|